Map: Cyber Forest LE

Players

Crytrenk - Winner!

  • Race: Zerg Zerg
  • League: Master
  • Spawn Location: 5:00

Mez

  • Race: Terran Terran
  • League: Master
  • Spawn Location: 11:00

VOD

Have the link to the VOD?

Description

Time

  • Played on: Aug. 11, 2019, 7:30 a.m.
  • Length: 6:16
Show
View Real Time Build Order
Export as new Build Order

Crytrenk Zerg - Winner!

Build Orders: Hatch First 

Get SALT Encoding   

  12  0:00  Drone  
  13  0:12  Overlord  
  13  0:19  Drone  
  14  0:30  Drone  
  14  0:31  Drone  
  14  0:34  Drone  
  17  0:52  Hatchery  
  17  0:54  Drone  
  17  0:58  Drone  
  18  1:08  Extractor  
  17  1:13  Spawning Pool  
  17  1:15  Drone  
  17  1:19  Drone  
  18  1:28  Drone  
  19  1:41  Overlord  
  19  1:51  Drone  
  20  2:00  Queen  
  20  2:01  Zergling x2  
  23  2:03  Queen  
  23  2:04  Zergling x2  
  23  2:08  Metabolic Boost  
  26  2:14  Drone  
  27  2:17  Drone  
  28  2:28  Drone  
  29  2:37  Drone x3  
  31  2:45  Drone  
  32  2:57  Overlord  
  32  3:04  Extractor  
  31  3:06  Drone x2  
  31  3:07  Drone  
  34  3:22  Hatchery  
  34  3:25  Drone  
  34  3:26  Drone x4  
  39  3:34  Overlord  
  39  3:36  Drone  
  40  3:41  Drone  
  40  3:42  Drone, Roach Warren  
  40  3:43  Drone x2, Extractor  
  40  3:44  Extractor  
  41  4:00  Overlord x3  
  41  4:15  Drone x2  
  44  4:17  Zergling x4  
  44  4:22  Roach x2  
  43  4:40  Roach  
  43  4:41  Roach x8  
  60  4:50  Zergling x2, Roach  
  63  4:58  Zergling x2, Roach x2  
  68  5:04  Zergling x2  
  68  5:05  Queen  
  71  5:10  Ravager  
  71  5:11  Ravager x2  
  71  5:12  Overlord x2  
  74  5:14  Zergling x2  
  76  5:21  Ravager  
  76  5:22  Zergling x6  
  76  5:23  Zergling x4  
  76  5:28  Overlord  
  77  5:37  Zergling x10  
  77  5:52  Zergling x4  
  79  5:59  Zergling x2  
Show
View Real Time Build Order
Export as new Build Order

Mez Terran 

Build Orders: Liberator Opening, Reaper Expand 

Get SALT Encoding   

  12  0:00  SCV  
  13  0:13  SCV  
  14  0:17  Supply Depot  
  14  0:25  SCV  
  15  0:39  SCV  
  15  0:42  Barracks  
  16  0:44  Refinery  
  16  0:51  SCV  
  17  1:03  SCV  
  18  1:15  SCV  
  19  1:30  Reaper  
  19  1:31  Orbital Command  
  20  1:43  Command Center  
  20  1:49  Supply Depot  
  20  1:57  SCV  
  21  2:04  Marine  
  22  2:10  SCV  
  22  2:12  Factory  
  23  2:17  Refinery  
  23  2:22  SCV  
  24  2:23  Barracks Reactor  
  24  2:37  SCV  
  25  2:49  SCV  
  26  2:55  Orbital Command  
  26  2:59  Engineering Bay  
  26  3:01  SCV  
  26  3:09  Starport  
  26  3:13  SCV  
  26  3:17  Hellion x2, Barracks Tech Lab  
  31  3:24  SCV  
  32  3:30  Liberator  
  32  3:31  Supply Depot  
  32  3:34  SCV  
  32  3:36  SCV  
  32  3:37  Marine  
  32  3:39  Hellion  
  32  3:40  Hellion  
  39  3:46  SCV  
  43  3:49  SCV  
  44  3:58  Marine  
  44  3:59  SCV  
  44  4:01  SCV, Supply Depot  
  46  4:08  Hellion x2  
  50  4:12  Stimpack  
  50  4:18  SCV x2, Marauder  
  50  4:20  Liberator  
  55  4:39  Hellion x2  
  55  4:44  SCV x2  
  57  4:47  Supply Depot  
  55  4:55  Supply Depot  
  55  4:56  SCV x2  
  55  4:57  Command Center  
  57  5:00  Supply Depot  
  56  5:08  SCV  
  56  5:13  SCV  
  58  5:16  Marauder  
  58  5:20  SCV  
  58  5:21  Barracks x2  
  61  5:27  SCV  
  62  5:30  Refinery  
  62  5:32  Refinery  
  62  5:33  SCV  
  62  5:35  Starport Reactor  
  62  5:37  Marine  
  59  5:55  Marine  
Tags
 
Add a new tag
Caveats
  • Supply blocks, unpowered buildings, or Contaminate may cause inaccurate times.
  • Supply counts are checked every 10 seconds.